AoeStats
← JellyGolem

Black Forest

510923929Analyzed
3v3 RM · 22h ago on Oct 3, 2026· 71m 14s· 6 players
Game mode
Random Map
Map size
Normal (6 player)
Population
200
Speed
Normal
Resources
Standard
Victory
Conquest
Starting age
Dark Age
Ending age
Imperial Age
RankedLock teamsTeams togetherTeam positionsShared explorationLock speedFull tech treeHidden civsTurbo modeCheats
Victory
Defeat
🇺🇸 Mongols · United States
953
+10
🇺🇸 Khmer · United States
878
+13
🇺🇸 Teutons · United States
778
+40
🇺🇸 Vietnamese · United States
849
-14
🇺🇸 Byzantines · United States
820
-14
🇺🇸 Cumans · United States
790
-13
mmill105
8:15 Loom
12:43 Feudal Age
13:22 Double-Bit Axe
13:40 Man-at-Arms
16:51 Wheelbarrow
18:03 Horse Collar
25:11 Castle Age
24:23 Padded Archer Armor
24:35 Forging
24:52 Stone Mining
24:54 Gold Mining
25:25 Town Watch
26:59 Bow Saw
27:25 Thumb Ring
27:55 Heavy Plow
30:33 Gold Shaft Mining
29:53 Pikeman
29:56 Crossbowman
29:57 Elite Skirmisher
31:41 Hand Cart
33:31 Murder Holes
34:06 Ballistics
36:33 Imperial Age
35:53 Fletching
36:40 Iron Casting
36:11 Scale Barding Armor
36:22 Leather Archer Armor
36:57 Stone Shaft Mining
36:49 Town Patrol
38:06 Conscription
37:49 Nomads
39:32 Chemistry
39:52 Parthian Tactics
40:09 Guard Tower
40:35 Masonry
41:45 Blast Furnace
40:41 Bodkin Arrow
40:23 Capped Ram
42:56 Elite Mangudai
44:02 Drill
45:44 Hoardings
52:04 Caravan
55:26 Caravan
61:24 Bloodlines
60:38 Light Cavalry
61:18 Husbandry
64:34 Hussar
71:04 Siege Ram
JellyGolem
4:49 Loom
10:57 Feudal Age
12:47 Double-Bit Axe
15:56 Castle Age
17:25 Wheelbarrow
18:33 Bow Saw
18:32 Horse Collar
22:01 Heavy Plow
24:54 Hand Cart
26:05 Scale Barding Armor
27:38 Chain Barding Armor
28:57 Fletching
34:15 Imperial Age
32:35 Ballistics
33:56 Stone Mining
34:22 Bloodlines
34:13 Husbandry
36:14 Elite Battle Elephant
37:19 Conscription
37:00 Tusk Swords
37:36 Hoardings
37:41 Plate Barding Armor
37:16 Forging
37:02 Bodkin Arrow
36:59 Gold Mining
37:46 Stone Shaft Mining
37:00 Town Watch
38:21 Caravan
38:59 Town Patrol
39:41 Gold Shaft Mining
39:53 Iron Casting
39:21 Padded Archer Armor
39:54 Crop Rotation
39:42 Double Crossbow
39:03 Elite Ballista Elephant
39:58 Cavalier
40:44 Bracer
43:18 Blast Furnace
43:17 Scale Mail Armor
60:38 Light Cavalry
62:52 Leather Archer Armor
62:46 Hussar
69:23 Ring Archer Armor
69:02 Siege Engineers
69:58 Chemistry
68:54 Murder Holes
69:25 Spies/Treason
71:34 Redemption
71:27 Scale Mail Armor
71:43 Masonry
Shade_Blade_
11:10 Feudal Age
11:08 Loom
11:37 Double-Bit Axe
16:35 Horse Collar
18:55 Wheelbarrow
23:35 Castle Age
22:41 Fletching
22:58 Scale Mail Armor
23:09 Forging
24:55 Heavy Plow
25:10 Bow Saw
29:14 Squires
29:21 Bodkin Arrow
30:04 Iron Casting
29:45 Chain Mail Armor
29:50 Town Watch
30:47 Ballistics
32:36 Hand Cart
37:08 Imperial Age
41:13 Elite Teutonic Knight
43:31 Conscription
43:45 Crenellations
47:43 Gold Mining
49:40 Plate Mail Armor
54:32 Crop Rotation
63:37 Chemistry
63:50 Chemistry
68:11 Arson
71:21 Guard Tower
71:17 Arrowslits
71:44 Fortified Wall
hamiltonjd15
1:19 Loom
12:35 Feudal Age
13:07 Double-Bit Axe
14:40 Wheelbarrow
15:56 Town Watch
18:09 Horse Collar
25:43 Castle Age
24:04 Stone Mining
26:41 Hand Cart
26:41 Bow Saw
26:35 Heavy Plow
26:29 Gold Mining
34:56 Imperial Age
36:38 Fletching
37:48 Bodkin Arrow
38:06 Forging
37:57 Murder Holes
38:23 Ballistics
39:04 Chemistry
40:28 Two-Man Saw
40:04 Crop Rotation
39:46 Caravan
39:14 Onager
41:05 Iron Casting
40:31 Scale Mail Armor
42:31 Siege Onager
42:57 Siege Onager
46:02 Hoardings
46:59 Pikeman
47:40 Squires
47:26 Arson
48:05 Halberdier
50:15 Blast Furnace
49:30 Chain Mail Armor
49:16 Padded Archer Armor
48:59 Elite Skirmisher
49:45 Thumb Ring
55:40 Imperial Skirmisher
59:01 Leather Archer Armor
59:19 Plate Mail Armor
65:07 Elite Kipchak
70:58 Parthian Tactics
noahubert
0:49 Loom
13:14 Feudal Age
19:56 Castle Age
20:31 Double-Bit Axe
22:33 Wheelbarrow
28:14 Elite Skirmisher
34:40 Pikeman
42:00 Imperial Age
40:29 Stone Mining
40:30 Gold Mining
40:46 Caravan
42:13 Hand Cart
42:48 Horse Collar
47:15 Elite Varangian Guard
47:31 Halberdier
54:27 Elite Varangian Guard
55:01 Arson
57:57 Forging
57:37 Fletching
59:22 Iron Casting
theforceofg
0:27 Loom
13:39 Feudal Age
15:41 Double-Bit Axe
15:39 Horse Collar
21:54 Castle Age
21:42 Fletching
23:45 Wheelbarrow
24:25 Town Watch
25:01 Bow Saw
24:44 Stone Mining
24:45 Gold Mining
24:57 Heavy Plow
32:26 Imperial Age
30:17 Caravan
31:59 Hand Cart
32:12 Bodkin Arrow
32:27 Forging
34:04 Thumb Ring
34:42 Paper Money
35:20 Crop Rotation
35:15 Bracer
35:41 Ballistics
38:01 Chemistry
37:05 Padded Archer Armor
39:31 Two-Man Saw
39:22 Leather Archer Armor
43:34 Siege Engineers
43:26 Murder Holes
43:17 Elite Rattan Archer
43:56 Pikeman
44:46 Scale Mail Armor
45:22 Iron Casting
46:12 Squires
46:40 Chain Mail Armor
46:55 Ring Archer Armor
46:39 Fortified Wall
49:19 Plate Mail Armor
48:15 Halberdier
57:01 Scale Barding Armor
56:27 Onager
57:33 Bloodlines
57:24 Husbandry
Connection lost

Rejoining the realm…

Still unreachable

The connection could not be restored.

Session expired

The server has moved on; the page needs a fresh start.